Map: Thunderbird LE

Players

Freeman - Winner!

  • Race: Terran Terran
  • League: Platinum
  • Spawn Location: 11:00

A.I. 1 (Very Easy)

  • Race: Terran Terran
  • Spawn Location: 5:00

VOD

Have the link to the VOD?

Description

Time

  • Played on: Sept. 8, 2019, 10:34 a.m.
  • Length: 7:18
Show
View Real Time Build Order
Export as new Build Order

Freeman Terran - Winner!

Build Orders:  

Get SALT Encoding   

  6  0:00  SCV  
  13  0:12  SCV  
  14  0:17  Supply Depot  
  14  0:24  SCV  
  15  0:30  Refinery  
  15  0:38  SCV  
  16  0:45  Barracks  
  16  0:50  SCV  
  17  0:57  Refinery  
  17  1:03  SCV  
  18  1:15  SCV  
  19  1:32  Marine, Orbital Command  
  19  1:36  Factory  
  20  1:50  Marine  
  21  1:57  Supply Depot  
  21  2:04  Barracks  
  21  2:14  Barracks Reactor  
  21  2:20  Factory Tech Lab  
  21  2:29  Supply Depot  
  21  2:30  Starport  
  21  2:39  Siege Tank  
  24  2:51  Barracks Tech Lab  
  24  2:56  Supply Depot  
  24  3:03  Marine x2  
  26  3:08  Medivac  
  28  3:14  Marine  
  28  3:18  Stimpack  
  29  3:21  Marine  
  30  3:28  Siege Tank  
  33  3:45  Medivac  
  33  3:47  Marine  
  33  3:48  Marine  
  37  3:50  Marine  
  38  3:57  Supply Depot  
  38  4:05  Marine  
  39  4:15  Marine x2  
  41  4:19  Supply Depot  
  41  4:26  Starport Reactor  
  41  4:27  Marine  
  41  4:28  Siege Tank  
  45  4:33  Marine  
  45  4:38  Marine  
  47  4:41  Supply Depot  
  47  4:55  Marine x2  
  47  4:56  Marine  
  50  5:05  Supply Depot  
  50  5:15  Medivac  
  50  5:16  Marine x3  
  50  5:19  Combat Shield  
  55  5:31  Supply Depot  
  55  5:43  Marine x3  
  58  5:52  Siege Tank  
  61  6:01  Marine x3  
  64  6:17  Engineering Bay  
  64  6:19  Marine x3  
  67  6:44  Marine x3  
  67  6:45  Siege Tank, Supply Depot  
  67  6:46  Medivac  
  78  7:15  Supply Depot  
Show
View Real Time Build Order
Export as new Build Order

A.I. 1 (Very Easy) Terran 

Build Orders: Reaper Expand 

Get SALT Encoding   

  6  0:00  SCV  
  13  0:13  SCV  
  14  0:18  Supply Depot  
  14  0:42  Barracks  
  14  1:02  Command Center  
  14  1:30  Supply Depot, Orbital Command  
  14  1:31  Marine  
  15  1:36  Refinery  
  15  1:48  Refinery  
  15  1:55  SCV  
  16  2:07  SCV  
  17  2:14  SCV  
  18  2:17  Reaper  
  18  2:21  SCV  
  20  2:29  SCV  
  21  2:36  SCV  
  22  2:43  SCV  
  23  2:50  SCV, Refinery  
  24  2:57  SCV  
  25  3:01  Marine  
  25  3:05  SCV  
  27  3:12  SCV  
  28  3:14  Factory  
  28  3:36  Refinery  
  28  3:38  SCV  
  29  3:45  Marine, SCV  
  31  3:52  SCV  
  32  3:55  Supply Depot  
  32  3:59  SCV  
  32  4:02  Starport  
  33  4:06  SCV  
  34  4:13  SCV  
  35  4:21  SCV  
  36  4:28  SCV  
  36  4:29  Reaper  
  38  4:35  SCV  
  39  4:39  Supply Depot, Starport Tech Lab  
  39  4:42  SCV  
  40  4:49  SCV  
  41  4:57  SCV  
  41  4:59  Raven  
  44  5:04  SCV  
  45  5:07  Hellion  
  45  5:09  Supply Depot  
  45  5:11  SCV  
  42  5:18  SCV  
  37  5:25  SCV  
  32  5:32  SCV  
  25  5:36  Hellion  
  25  5:40  SCV  
  23  5:54  SCV  
  22  5:59  Starport  
  20  6:06  SCV  
  23  6:16  Supply Depot  
  16  6:45  SCV  
Tags
 
League
Platinum
Matchup
TvT
Race
Terran
Spawn Locations
Cross Positions
Add a new tag
Caveats
  • Supply blocks, unpowered buildings, or Contaminate may cause inaccurate times.
  • Supply counts are checked every 10 seconds.